 Dungeon Crawl Stone Soup version 0.21.0 (webtiles) character file.

130 tv1990 the Shield-Bearer (level 5, 0/42 HPs)
             Began as a Formicid Fighter on Jan 5, 2018.
             Slain by a goblin
             ... wielding a +0 dagger
             ... led by Robin
              (3 damage)
             ... on level 3 of the Dungeon.
             The game lasted 00:03:52 (1351 turns).

tv1990 the Shield-Bearer (Formicid Fighter)         Turns: 1351, Time: 00:03:52

Health: 0/42       AC:  6    Str: 20    XL:     5   Next: 36%
Magic:  5/5        EV:  7    Int: 13    God:
Gold:   133        SH:  8    Dex: 11    Spells: 4/4 levels left

rFire    . . .     SeeInvis +   a - +0 war axe
rCold    . . .     Gourm    .   c - +0 shield
rNeg     . . .     Faith    .   b - +0 scale mail
rPois    .         Spirit   .   (helmet unavailable)
rElec    .         Reflect  .   (no cloak)
rCorr    .         Harm     .   (no gloves)
MR       .....                  (no boots)
Stlth    ..........             (no amulet)
HPRegen  0.14/turn              (no ring)
MPRegen  0.09/turn              (no ring)

@: brilliant, heavily drained
A: permanent stasis, dig shafts and tunnels, four strong arms, antennae 3
a: Dig, Shaft Self


You were on level 3 of the Dungeon.
You were not hungry.

You visited 1 branch of the dungeon, and saw 3 of its levels.

You collected 133 gold pieces.

Inventory:

Hand Weapons
 a - a +0 war axe (weapon)
 g - a +2 mace of draining
Armour
 b - a +0 scale mail (worn)
 c - a +0 shield (worn)
 k - a +0 large shield
Scrolls
 e - a scroll of teleportation {unknown}
 i - a scroll of blinking {unknown}
 j - 4 scrolls of identify {unknown}
 l - a scroll of magic mapping {unknown}
 n - a scroll of remove curse {unknown}
Potions
 d - a potion of might
Comestibles
 f - 3 rations
 o - 2 chunks of flesh


   Skills:
 + Level 4.1(2.1) Fighting
 * Level 3.9(1.9) Axes
 - Level 3.2(1.2) Armour
 + Level 4.6(2.5) Shields


You had 4 spell levels left.
You didn't know any spells.

Dungeon Overview and Level Annotations

Branches:
Dungeon (3/15)

Altars:
Ru
Uskayaw
Zin


Innate Abilities, Weirdness & Mutations

You cannot be hasted, slowed, berserked, paralysed or teleported.
You can dig through walls and to a lower floor.
Your four strong arms can wield two-handed weapons with a shield.
You have a pair of large antennae on your head. (SInv)


Message History

You closely miss the goblin. You block the goblin's attack.
The goblin hits you but does no damage.
You closely miss the goblin. You block the goblin's attack.
You barely miss the goblin.
The goblin hits you but does no damage. x2
You barely miss the goblin.
You feel less wooden.
Your +0 scale mail unmelds from your body.
The goblin barely misses you.
You closely miss the goblin. The goblin hits you with a dagger.
* * * LOW HITPOINT WARNING * * *
The goblin hits you but does no damage.
Okay, then.
You hit the goblin.
You kill the goblin!
The goblin shoots a sling bullet.
You block the sling bullet.
The goblin shouts!
You hear a shout!
The goblin unwields an uncursed hunting sling.
The goblin wields an uncursed dagger.
The goblin hits you with an uncursed dagger.
You die...

####### #.# #.....#
#.# #####.###.# #.#
##.....# #.####.###
.......#
#........###..
.#.###.....##.........
.#.###.#######....###
)).....# ##.###
.#...#.# #g@##
.###.#.# #.#(#
.......# #'###
.###.#.# .g. .......#
..... .##....# .....g.
.##....####....g....
..........+......{..+
.[.....# #......g..#


You could see a hobgoblin and 2 goblins.

Vanquished Creatures
  Terence (D:3)
  Robin (D:3)
  2 adders
  A worm (D:2)
  2 leopard geckos
  3 orcs (D:3)
  A ball python (D:3)
  A giant cockroach (D:1)
  11 goblins
  14 hobgoblins
  3 jackals (D:2)
  2 quokkas (D:2)
  7 bats
  2 frilled lizards (D:2)
  6 kobolds
  8 rats
65 creatures vanquished.

Notes
Turn   | Place    | Note
-------+----------+-------------------------------------------
     0 | D:1      | tv1990 the Formicid Fighter began the quest for the Orb.
     0 | D:1      | Reached XP level 1. HP: 18/18 MP: 1/1
    48 | D:1      | Reached XP level 2. HP: 21/24 MP: 2/2
   161 | D:1      | Reached XP level 3. HP: 22/29 MP: 3/3
   715 | D:2      | Found a sacrificial altar of Ru.
   742 | D:2      | Found a glowing silver altar of Zin.
   929 | D:2      | Reached XP level 4. HP: 36/37 MP: 4/4
  1131 | D:2      | Found a hide-covered altar of Uskayaw.
  1230 | D:3      | Noticed Terence
  1252 | D:3      | Killed Terence
  1268 | D:3      | Reached XP level 5. HP: 22/42 MP: 5/5
  1295 | D:3      | Noticed Robin
  1339 | D:3      | Killed Robin
  1351 | D:3      | Slain by a goblin

Skill      XL: |  1  2  3  4 |
---------------+-------------+-----
Shields        | 4 |  4.6
Axes           | 3 |  3.9
Fighting       | 4 |  4.1
Armour         | |  3.2

Action                   |  1- 3 |  4- 6 || total
-------------------------+-------+-------++-------
Melee: War axe           |   134 |    97 ||   231
 Abil: Dig               |       |     1 ||     1
  Use: Potion            |       |     3 ||     3
  Eat: Chunk             |       |     2 ||     2
Armor: Scale mail        |    61 |    27 ||    88
       Skin              |       |    15 ||    15
Dodge: Dodged            |    46 |    19 ||    65
Block: Shield            |    82 |    47 ||   129

Vault maps used:
D:1:      scummos_arrival_checkerplants
D:2:      lemuel_round_altar, overflow_temple_1_default, zin_treasury,
          minmay_cut_off
D:3:      minmay_misc_feat_chi, uniq_crazy_yiuf_cottage, uniq_terence,
          uniq_robin
